AoeStats
← Entopiic

Black Forest

507882549Analyzed
2v2 RM · 13d ago on Sep 20, 2026· 54m 28s· 4 players
Game mode
Random Map
Map size
Medium (4 player)
Population
200
Speed
Normal
Resources
Standard
Victory
Conquest
Starting age
Dark Age
Ending age
Imperial Age
RankedLock teamsTeams togetherTeam positionsShared explorationLock speedFull tech treeHidden civsTurbo modeCheats
Victory
Defeat
🇨🇱 Cumans · Chile
674
+15
🇨🇱 Khmer · Chile
674
+15
🇦🇺 Mongols · Australia
657
-15
🇦🇺 Khmer · Australia
647
-15
Bedgie69
0:39 Loom
14:27 Feudal Age
15:28 Double-Bit Axe
15:39 Horse Collar
16:27 Stone Mining
16:27 Gold Mining
19:27 Castle Age
17:41 Gold Mining
30:52 Gold Shaft Mining
31:33 Town Watch
32:24 Wheelbarrow
33:02 Stone Shaft Mining
34:12 Scale Mail Armor
35:36 Wheelbarrow
37:06 Fortified Wall
38:30 Heavy Plow
40:02 Hand Cart
39:48 Town Patrol
40:09 Husbandry
40:24 Murder Holes
40:39 Padded Archer Armor
42:52 Scale Barding Armor
42:58 Forging
43:12 Ballistics
43:03 Masonry
48:38 Imperial Age
46:55 Chain Barding Armor
47:11 Iron Casting
46:52 Chain Mail Armor
46:53 Leather Archer Armor
46:28 Fletching
47:30 Bow Saw
48:49 Elite Steppe Lancer
Entopiic
0:44 Loom
16:40 Feudal Age
19:45 Double-Bit Axe
20:12 Man-at-Arms
28:13 Castle Age
29:50 Bloodlines
31:12 Gold Mining
34:17 Gold Shaft Mining
39:21 Imperial Age
41:09 Chemistry
40:14 Double Crossbow
42:47 Long Swordsman
43:03 Elite Ballista Elephant
44:30 Stone Mining
46:19 Conscription
50:16 Husbandry
53:10 Cavalier
EddarkStark
0:27 Loom
16:30 Feudal Age
16:57 Man-at-Arms
19:48 Wheelbarrow
21:12 Arson
22:12 Double-Bit Axe
29:29 Castle Age
27:45 Scale Barding Armor
29:21 Scale Mail Armor
31:38 Hand Cart
33:17 Bloodlines
33:55 Squires
34:15 Pikeman
35:06 Horse Collar
36:47 Elite Skirmisher
38:50 Chain Barding Armor
38:40 Forging
38:47 Chain Mail Armor
38:32 Padded Archer Armor
38:23 Fletching
39:45 Gold Mining
39:45 Stone Mining
40:07 Caravan
41:06 Heavy Plow
42:18 Capped Ram
44:13 Gold Shaft Mining
43:49 Heated Shot
43:55 Murder Holes
44:25 Ballistics
46:46 Masonry
49:32 Imperial Age
46:48 Town Watch
46:55 Town Watch
47:53 Steppe Husbandry
48:49 Bow Saw
50:01 Iron Casting
49:22 Bodkin Arrow
49:42 Leather Archer Armor
50:35 Conscription
51:02 Town Patrol
50:48 Siege Ram
51:25 Halberdier
JESU*******A
10:03 Loom
11:48 Feudal Age
15:26 Castle Age
14:39 Double-Bit Axe
25:55 Wheelbarrow
27:34 Horse Collar
29:13 Heavy Plow
29:30 Bow Saw
32:58 Hand Cart
33:03 Hand Cart
36:04 Imperial Age
35:52 Husbandry
36:02 Bloodlines
36:01 Scale Barding Armor
35:57 Gold Mining
35:58 Stone Mining
37:09 Conscription
37:54 Crop Rotation
38:28 Double Crossbow
39:12 Fletching
41:02 Bodkin Arrow
41:28 Chain Barding Armor
41:20 Forging
41:38 Elite Ballista Elephant
42:47 Ballistics
42:35 Siege Engineers
43:47 Chemistry
42:42 Light Cavalry
43:23 Hussar
44:46 Masonry
44:31 Murder Holes
44:53 Fortified Wall
46:57 Bracer
47:48 Plate Barding Armor
48:02 Iron Casting
47:37 Padded Archer Armor
51:08 Blast Furnace
Connection lost

Rejoining the realm…

Still unreachable

The connection could not be restored.

Session expired

The server has moved on; the page needs a fresh start.